 Dungeon Crawl Stone Soup version 0.17-a0-1711-gc5340a3 (webtiles) character file.

23515 kae the Fencer (level 12, 0/118 HPs)
             Began as a Minotaur Fighter on Aug 22, 2015.
             Was a High Priest of Okawaru.
             Slain by a six-headed hydra (12 damage)
             ... on level 3 of the Lair of Beasts.
             The game lasted 00:27:20 (18718 turns).

kae the Fencer (Minotaur Fighter)                  Turns: 18718, Time: 00:27:20

Health: 0/118      AC: 16    Str: 23    XL:     12   Next: 72%
Magic:  11/11      EV:  9    Int:  7    God:    Okawaru [*****.]
Gold:   645        SH:  0    Dex: 11    Spells: 0 memorised, 11 levels left

rFire  + + .     SeeInvis .     e - +2 great sword (venom)
rCold  . . .     Clarity  .     b - +0 scale mail
rNeg   . . .     SustAt   .     (no shield)
rPois  .         Gourm    .     l - +2 hat
rElec  .         Spirit   .     f - +2 cloak
rCorr  .         Warding  .     B - +1 pair of gloves
rMut   .         Stasis   .     (no boots)
MR     .....                    (no amulet)
Stlth  ..........               P - ring of protection from fire
                                (no ring)

@: lethally poisoned (0 -> -9), slowed, very slow, not resistant to hostile
enchantments, extremely unstealthy
A: retaliatory headbutt, horns 2, yellow scales 1, blurry vision 1, fire
resistance 1, subdued magic 1
a: Heroism, Finesse, Renounce Religion


You were on level 3 of the Lair of Beasts.
You worshipped Okawaru.
Okawaru was extremely pleased with you.
You were not hungry.

You visited 3 branches of the dungeon, and saw 15 of its levels.
You also visited: Bailey.

You collected 912 gold pieces.
You spent 267 gold pieces at shops.

Inventory:

Hand weapons
 a - a +1 long sword of flaming
 d - a +2 scimitar of freezing
 e - a +2 great sword of venom (weapon)
Armour
 b - a +0 scale mail (worn)
 c - a +0 shield
 f - a +2 cloak (worn)
 l - a +2 hat (worn)
 B - a +1 pair of gloves (worn)
Jewellery
 v - an uncursed ring of positive energy
 M - an uncursed ring of sustain attributes
 P - a ring of protection from fire (right hand)
Magical devices
 L - a wand of heal wounds (5)
Scrolls
 g - 6 scrolls of fog
 j - 4 scrolls of amnesia
 q - 5 scrolls of remove curse
 R - 2 scrolls of teleportation
 Z - a scroll of recharging
Potions
 h - 3 potions of brilliance
 i - 8 potions of curing
 m - 2 potions of agility
 o - 3 potions of ambrosia
 p - 2 potions of lignification
 r - 2 potions of flight
 u - a potion of invisibility
 w - a potion of haste
 z - a potion of resistance
 C - 4 potions of cancellation
 F - 2 potions of might
 N - a potion of heal wounds
 V - a potion of cure mutation
Miscellaneous
 H - a lantern of shadows
 Q - a disc of storms
 T - a phantom mirror
Comestibles
 k - a chunk of flesh
 s - 7 fruits
 G - 8 bread rations


   Skills:
 + Level 14.4 Fighting
 - Level 19.4 Long Blades
 - Level 3.6 Armour
 - Level 3.6 Shields


You had 11 spell levels left.
You didn't know any spells.

Dungeon Overview and Level Annotations

Branches:
Dungeon (11/15)            Temple (1/1) D:6            Lair (3/8) D:10
    Orc (0/4) D:10
  Swamp: Lair:3-6    Shoals: Lair:3-6     Snake: Lair:3-6    Spider: Lair:3-6

Altars:
Ashenzari
Cheibriados
Dithmenos
Elyvilon
Fedhas
Gozag
Kikubaaqudgha
Makhleb
Nemelex Xobeh
Okawaru
Qazlal
Ru
Sif Muna
Trog
Vehumet
Xom
Yredelemnul
Zin
The Shining One

Shops:
D:4 *   D:6 [

Annotations:
D:5 exclusion: door
D:11 exclusion: orange crystal statue
Lair:3 Sonja


Innate Abilities, Weirdness & Mutations

You reflexively headbutt those who attack you in melee.
You have a pair of horns on your head.
You are partially covered in yellow scales (AC +2).
Scrolls take you a little longer to read.
Your flesh is heat resistant.
Your spells are a little easier to cast, but a little less powerful.


Message History

The six-headed hydra completely misses you.
The six-headed hydra bites you but does no damage.
The six-headed hydra closely misses you.
The six-headed hydra bites you.
* * * LOW HITPOINT WARNING * * *
The six-headed hydra bites you but does no damage. x2
Found a stone staircase leading down.
You feel sick.
Unknown command.
You feel sick.
The six-headed hydra bites you but does no damage. x3
The six-headed hydra barely misses you.
The six-headed hydra bites you but does no damage.
The six-headed hydra closely misses you.
The six-headed hydra bites you but does no damage.
The six-headed hydra closely misses you.
The six-headed hydra bites you!
* * * LOW HITPOINT WARNING * * *
The six-headed hydra bites you!
You die...

... .. P..>....
...#.!.#.
#........#
...#......
#..P......
##?....F...
#@D..t.....
#...#......
##.........
#....#.P#.
#........
..........
##............#.
#............#.#
#......... ..#.#


You could see a six-headed hydra, a spiny frog and a crocodile.

Vanquished Creatures
  The ghost of kae the Fencer, a powerful MiFi of Okawaru (D:10)
  The ghost of kae the Severer, an experienced HOFi (D:7)
  2 unseen horrors
  3 hill giants
  Pikel (D:5)
  A griffon (Lair:1)
  An orc knight (Bailey)
  An ugly thing (D:11)
  An oklob plant (D:10)
  A cyclops (D:11)
  Maurice (D:8)
  A komodo dragon (Lair:2)
  2 spiny frogs
  2 kobold demonologists (D:11)
  A troll (D:10)
  Grinder (D:5)
  12 blink frogs
  Sigmund (D:3)
  A deep elf mage (D:10)
  A wraith (D:10)
  22 yaks
  Eustachio (D:5)
  3 hungry ghosts
  2 hippogriffs
  Edmund (D:6)
  3 water moccasins
  3 sky beasts
  6 porcupines
  Duvessa (D:5)
  9 orc warriors
  2 necrophages
  4 slaves (D:5)
  A black bear (D:9)
  7 phantoms
  2 ice beasts
  3 ogres
  3 centaurs
  6 big kobolds
  9 crocodiles
  Blork the orc (D:5)
  12 giant frogs
  Dowan (D:5)
  5 scorpions
  9 wights
  A troll skeleton (D:9)
  6 killer bees (D:9)
  2 spriggan skeletons (D:9)
  An electric eel (Lair:1)
  2 giant frog zombies
  5 jellies
  9 orc wizards
  8 crimson imps
  2 giant frog skeletons (D:11)
  11 orc priests
  5 centaur skeletons
  4 hounds
  2 iguanas
  5 worker ants
  8 ogre zombies (D:10)
  A worker ant zombie (D:10)
  2 gnolls (Bailey)
  6 river rats (Lair:2)
  11 adders
  3 worms
  6 giant geckos
  40 orcs
  5 giant cockroaches
  8 hobgoblins
  11 jackals
  39 kobolds
  A quokka (D:5)
  9 bats
  A giant cockroach zombie (D:6)
  5 giant newts
  6 goblins
  3 goblin skeletons (D:10)
  5 goblin zombies (D:10)
  A hobgoblin skeleton (D:10)
  4 hobgoblin zombies (D:10)
  2 orc skeletons (D:10)
  10 orc zombies (D:10)
  6 rats
  2 plants (D:10)
410 creatures vanquished.

Vanquished Creatures (others)
  6 fungi
6 creatures vanquished.

Grand Total: 416 creatures vanquished

Notes
Turn   | Place    | Note
--------------------------------------------------------------
     0 | D:1      | kae the Minotaur Fighter began the quest for the Orb.
     0 | D:1      | Reached XP level 1. HP: 19/19 MP: 0/0
   227 | D:1      | Reached XP level 2. HP: 26/26 MP: 1/1
   744 | D:1      | You fall through a shaft!
   744 | D:2      | Found a shattered altar of Ashenzari.
   754 | D:2      | Reached skill level 4 in Long Blades
   766 | D:2      | Reached XP level 3. HP: 29/31 MP: 2/2
   948 | D:2      | Reached skill level 5 in Long Blades
  1039 | D:2      | Found a glowing silver altar of Zin.
  1041 | D:2      | Found a burning altar of Makhleb.
  1042 | D:2      | Noticed an angel
  1042 | D:2      | Noticed an Executioner
  1360 | D:2      | Found a snail-covered altar of Cheibriados.
  1385 | D:2      | Reached XP level 4. HP: 39/39 MP: 3/3
  1692 | D:3      | Noticed a necrophage
  1701 | D:3      | Killed a necrophage
  1701 | D:3      | Reached skill level 6 in Long Blades
  1701 | D:3      | Reached XP level 5. HP: 30/44 MP: 4/4
  2045 | D:3      | Reached skill level 7 in Long Blades
  2083 | D:3      | Found a basalt altar of Yredelemnul.
  2415 | D:3      | Noticed Sigmund
  2425 | D:3      | Killed Sigmund
  2425 | D:3      | Reached skill level 8 in Long Blades
  2425 | D:3      | Reached XP level 6. HP: 43/51 MP: 5/5
  2581 | D:4      | Found Piyr's General Store.
  2586 | D:4      | Bought a potion of lignification for 39 gold pieces
  2586 | D:4      | Bought a potion of agility for 52 gold pieces
  2737 | D:4      | Reached skill level 9 in Long Blades
  2737 | D:4      | Reached XP level 7. HP: 48/57 MP: 6/6
  3589 | D:5      | Entered Level 5 of the Dungeon
  3613 | D:5      | Reached skill level 10 in Long Blades
  3617 | D:5      | Found a shadowy altar of Dithmenos.
  3630 | D:5      | Noticed Eustachio
  3633 | D:5      | Killed Eustachio
  3637 | D:5      | Noticed Pikel
  3648 | D:5      | Killed Pikel
  3648 | D:5      | Reached skill level 12 in Long Blades
  3648 | D:5      | Reached XP level 8. HP: 32/64 MP: 7/7
  3907 | D:5      | Found a deep blue altar of Sif Muna.
  4455 | D:5      | Noticed Blork the orc
  4472 | D:5      | Killed Blork the orc
  4813 | D:5      | Reached skill level 13 in Long Blades
  4921 | D:5      | Noticed Grinder
  4936 | D:5      | Paralysed by Grinder for 5 turns
  4946 | D:5      | Killed Grinder
  5159 | D:5      | Noticed Dowan
  5160 | D:5      | Noticed Duvessa
  5176 | D:5      | Killed Duvessa
  5176 | D:5      | Reached XP level 9. HP: 55/70 MP: 8/8
  5180 | D:5      | Killed Dowan
  5260 | D:6      | Found a sparkling altar of Nemelex Xobeh.
  5305 | D:6      | Found a staircase to the Ecumenical Temple.
  5315 | D:6      | Found Upof's Armour Emporium.
  5330 | Temple   | Entered the Ecumenical Temple
  5595 | Temple   | Became a worshipper of Warmaster Okawaru
  5649 | D:6      | Noticed Edmund
  5670 | D:6      | Killed Edmund
  5670 | D:6      | Reached skill level 14 in Long Blades
  5706 | D:6      | Bought a +2 hat for 176 gold pieces
  6790 | D:7      | Found a sacrificial altar of Ru.
  6801 | D:7      | Found a white marble altar of Elyvilon.
  6938 | D:7      | Acquired Okawaru's first power
  6973 | D:7      | Reached skill level 15 in Long Blades
  7011 | D:7      | Noticed kae's ghost (experienced HOFi)
  7035 | D:7      | Killed kae's ghost
  7414 | D:7      | Reached skill level 16 in Long Blades
  7616 | D:7      | Found a glowing golden altar of the Shining One.
  7794 | D:8      | Reached XP level 10. HP: 73/77 MP: 9/9
  7932 | D:8      | Noticed Maurice
  7949 | D:8      | Killed Maurice
  8906 | D:9      | Found a flagged portal.
  8981 | D:9      | Reached skill level 17 in Long Blades
  9043 | Bailey   | Entered a bailey
  9056 | Bailey   | Noticed an orc knight
  9153 | Bailey   | Killed an orc knight
 10027 | D:9      | Reached skill level 18 in Long Blades
 10680 | D:10     | Entered Level 10 of the Dungeon
 10715 | D:10     | Gained mutation: You are partially covered in yellow scales (AC +2). [potion of beneficial mutation]
 10719 | D:10     | Noticed kae's ghost (powerful MiFi)
 11664 | D:10     | Noticed an oklob plant
 11709 | D:10     | Found a staircase to the Lair.
 11980 | D:10     | Killed an oklob plant
 11980 | D:10     | Reached XP level 11. HP: 67/82 MP: 10/10
 12078 | D:10     | HP: 2/82 [something (5)]
 12392 | D:10     | Noticed a hill giant
 12402 | D:10     | Killed a hill giant
 12402 | D:10     | Reached skill level 19 in Long Blades
 12539 | D:10     | Found a staircase to the Orcish Mines.
 12564 | D:10     | Killed an unseen horror
 12709 | D:10     | Found a white marble altar of Elyvilon.
 13435 | D:11     | Noticed a hill giant
 13449 | D:11     | Killed a hill giant
 13604 | D:11     | Reached skill level 5 in Fighting
 13880 | D:10     | Killed kae's ghost
 14269 | D:11     | Killed an unseen horror
 14301 | D:11     | Acquired Okawaru's second power
 15160 | D:11     | Received a gift from Okawaru
 15227 | D:11     | Noticed a hill giant
 15237 | D:11     | Killed a hill giant
 15237 | D:11     | Reached skill level 10 in Fighting
 15265 | D:11     | Reached XP level 12. HP: 84/107 MP: 11/11
 15591 | Lair:1   | Entered Level 1 of the Lair of Beasts
 16696 | Lair:1   | Gained mutation: Your spells are a little easier to cast, but a little less powerful. [potion of mutation]
 16696 | Lair:1   | Gained mutation: Your flesh is heat resistant. [potion of mutation]
 16696 | Lair:1   | Gained mutation: Scrolls take you a little longer to read. [potion of mutation]
 18233 | Lair:3   | Noticed an eight-headed hydra
 18237 | Lair:3   | Noticed Sonja
 18715 | Lair:3   | Noticed a six-headed hydra
 18718 | Lair:3   | Slain by a six-headed hydra

Vault maps used:
D:1:      dpeg_arrival_circle_labyrinth_a
D:2:      grunt_temple_overflow_order_and_chaos_2, cheibriados_altar_1,
          old_standard_altar
D:3:      overflow_temple_1_default, st_stairs_4, uniq_sigmund
D:4:      first_bread, serial_bayou, serial_bayou_lake_a, serial_bayou_pond_e,
          serial_bayou_pond_e, serial_bayou_lagoon_a, serial_shops,
          nicolae_shop_trees
D:5:      led_sif_book, grunt_dithmenos_smoke_and_mirrors, uniq_pikel,
          uniq_duvessa, uniq_eustachio, uniq_grinder, uniq_blork_the_orc
D:6:      nemelex_deck, minmay_temple_entry_mist, serial_shops, shop,
          minivault_5, uniq_edmund
D:7:      elyvilon_altar_5, lemuel_coloured_pillars_altar, lemuel_doored_altar
D:8:      uniq_maurice
D:9:      enter_bailey_8, hangedman_tell_no_tales
D:10:     dpeg_oklobed_lair, zombieorc2_lemuel, basic_altar
D:11:     roderic_roman_lattice, minmay_protected_statue
Temple:   jpeg_temple_alley_garden_8
Lair:1:   infiniplex_staircase_pool
Lair:2:   lemuel_fruit_tree
Lair:3:   nicolae_volcano_entry_batcave, st_stairs_13, beast_lair_carwin_6,
          uniq_sonja
Bailey:   bailey_axe_4, bailey

Action                   |  1- 3 |  4- 6 |  7- 9 | 10-12 || total
-------------------------+-------+-------+-------+-------++-------
Melee: Long sword        |    86 |    84 |   383 |  1163 ||  1716
       Scimitar          |       |       |       |     2 ||     2
       Great sword       |       |       |       |    17 ||    17
Invok: Heroism           |       |       |       |    12 ||    12
Evoke: Wand              |       |       |       |    10 ||    10
  Use: Potion            |       |     3 |     7 |    11 ||    21
       Scroll            |       |       |    10 |    23 ||    33
  Eat: Chunk             |     2 |     3 |     7 |    34 ||    46
       Bread ration      |       |       |     2 |     1 ||     3
       Fruit             |       |       |     2 |     1 ||     3
       Pizza             |       |       |     1 |       ||     1
       Beef jerky        |       |       |       |     2 ||     2
